 Dungeon Crawl Stone Soup version 0.20.1-1-g8b1a95d (webtiles) character file.

2529 codl the Spear-Bearer (level 9, -1/69 HPs)
             Began as a Demonspawn Abyssal Knight on July 21, 2017.
             Was an Elder of Lugonu.
             Slain by a killer bee (6 damage)
             ... on level 8 of the Dungeon on July 22, 2017.
             The game lasted 01:34:50 (7509 turns).

codl the Spear-Bearer (Demonspawn Abyssal Knight)   Turns: 7509, Time: 01:34:51

Health: -1/69      AC:  7    Str: 11 (12) XL:     9   Next: 29%
Magic:  10/11      EV: 13    Int: 17      God:    Lugonu [****..]
Gold:   434        SH:  7    Dex: 15      Spells: 7/8 levels left

rFire    . . .     SeeInvis .   a - +3 spear
rCold    . . .     Gourm    .   f - +2 buckler
rNeg     . . .     Faith    .   q - +1 leather armour
rPois    .         Spirit   .   (helmet restricted)
rElec    .         Reflect  .   (no cloak)
rCorr    .         Harm     .   r - +0 pair of gloves
MR       +....                  (boots unavailable)
Stlth    ++........             (no amulet)
Regen    0.3/turn               t - ring of protection from magic
MPRegen  0.2/turn               (no ring)

@: lethally poisoned (-1 -> -5)
A: horns 1, talons 3, molten scales 1, clever 1, demonic guardian 2, screaming
1, spiny 2
a: Depart the Abyss, Bend Space, Banish, Corrupt, Renounce Religion


You were on level 8 of the Dungeon.
You worshipped Lugonu.
Lugonu was greatly pleased with you.
You were not hungry.

You visited 2 branches of the dungeon, and saw 9 of its levels.
You visited the Abyss 1 time.
You also visited: Ossuary.

You collected 434 gold pieces.

Inventory:

Hand Weapons
 a - a +3 spear (weapon)
 b - a +0 hunting sling
 e - a +3 hand axe
 G - a +0 short sword of flaming
 K - a +0 hand crossbow
Missiles
 i - 227 stones (quivered)
Armour
 f - a +2 buckler (worn)
 q - a +1 leather armour (worn)
 r - a +0 pair of gloves (worn)
Jewellery
 t - a ring of protection from magic (left hand)
Wands
 B - a wand of flame (13/48)
 H - a wand of random effects (25/48)
 I - a wand of confusion (40/48)
Scrolls
 k - a scroll of magic mapping
 n - 2 scrolls of teleportation
 u - a scroll of enchant armour
 x - 2 scrolls of remove curse
 y - 6 scrolls of identify
 C - a scroll of enchant weapon
 D - a scroll of recharging
Potions
 d - a potion of mutation
 g - a potion of curing
 l - 4 potions of magic
 o - a potion of invisibility
 p - a potion of cancellation
 s - 3 potions of might
 v - 4 potions of agility
 w - a potion of heal wounds {unknown}
 z - a potion of ambrosia {unknown}
 E - a potion of haste
 J - a potion of brilliance {unknown}
Books
 m - Sif Muna's Grimoire of Enchantment
   (You found it on level 6 of the Dungeon)

   Spells                             Type                      Level
   a - Corona                         Hexes                        1
 F - a book of the Warp

   Spells                             Type                      Level
   a - Gell's Gravitas                Translocation                3
   b - Portal Projectile              Hexes/Translocation          3
   c - Force Lance                    Conjuration/Translocation    4
   d - Dispersal                      Translocation                6
   e - Controlled Blink               Translocation                8
   f - Disjunction                    Translocation                8
Comestibles
 c - 2 bread rations
 h - 11 fruits
 j - 9 meat rations
 A - 15 chunks of flesh
 L - a royal jelly


   Skills:
 + Level 5.9 Fighting
 + Level 8.1 Polearms
 + Level 3.9 Armour
 + Level 3.3 Dodging
 + Level 3.4 Stealth
 + Level 2.8 Shields
 + Level 3.4 Invocations
 + Level 0.2 Evocations


You had 7 spell levels left.
You knew the following spells:

 Your Spells              Type           Power        Failure   Level  Hunger
a - Corona                Hex            #......      34%         1    ##.....


Dungeon Overview and Level Annotations

Branches:
Dungeon (8/15)             Temple (1/1) D:5
   Lair: D:8-11

Altars:
Cheibriados
Elyvilon
Fedhas
Gozag
Hepliaklqana
Kikubaaqudgha
Makhleb
Nemelex Xobeh
Okawaru
Qazlal
Ru
Sif Muna
Trog
Vehumet
Yredelemnul
Zin
The Shining One
Lugonu


Innate Abilities, Weirdness & Mutations

You have claws for feet.
You are partially covered in molten scales. (AC +2)
A demonic guardian rushes to your aid.
You are mostly covered in sharp spines.
You have a pair of small horns on your head.
Your mind is acute. (Int +2)
You occasionally shout uncontrollably at your foes.


Message History

The killer bee completely misses you.
The killer bee is struck by your spines.
The killer bee stings you!
* * * LOW HITPOINT WARNING * * *
Okay, then.
Casting: Corona
Confirm with . or Enter, or press ? or * to list all spells.
Okay, then.
You feel better.
The killer bee is struck by your spines.
The killer bee stings you.
* * * LOW HITPOINT WARNING * * *
The killer bee is struck by your spines.
The killer bee stings you!
* * * LOW HITPOINT WARNING * * *
You are poisoned.
The killer bee poisons you!
Your orange demon completely misses the killer bee.
The killer bee stings you.
You die...

..................... ...
..#...)....))..###.. ..
#.<...##...### .. ..
#...####...###.#.# %.
##..####.......... #.
####..##............
..###.#####.....##.##.........
......4[......................
#...@.#####....###.........
#/..yy# #................
#.....# #..........>.....
#...yy#####................
##..?..†).†........#........
#...4.§####†.......# .
#.......# #.##..#### ..#.....#
#.....# . #.....# ....###


You could see a queen bee, 3 killer bees, a friendly orange demon and a friendly
ice devil.

Vanquished Creatures
  A sky beast (D:6)
  An ice beast (D:6)
  An ogre (D:7)
  A big kobold (D:7)
  Blork the orc (D:5)
  2 bullfrogs
  A water moccasin zombie (Ossuary)
  A water moccasin skeleton (D:5)
  2 scorpions
  6 killer bees (D:8)
  A howler monkey (D:6)
  A crimson imp (D:7)
  A centaur zombie (D:5)
  A bullfrog zombie (D:5)
  5 hounds
  5 orc priests
  3 orc wizards (D:6)
  Ijyb (D:5)
  2 worker ants
  A big kobold zombie (Ossuary)
  2 mummies (Ossuary)
  A hound skeleton (D:8)
  10 adders
  2 shadow imps
  6 adder zombies (Ossuary)
  An adder skeleton (D:7)
  A dart slug (D:4)
  4 leopard geckos
  16 orcs
  4 giant cockroaches
  8 hobgoblins
  3 jackals (D:4)
  2 quokkas
  3 ball pythons
  2 bats (D:3)
  4 frilled lizards
  A gnoll zombie (Ossuary)
  5 goblins
  A goblin skeleton (D:5)
  7 hobgoblin zombies
  10 kobolds
  A kobold skeleton (D:5)
  5 kobold zombies
  An orc skeleton (D:5)
  5 orc zombies (Ossuary)
  2 rats
145 creatures vanquished.

Vanquished Creatures (collateral kills)
  The ghost of nihilbene the Cudgeler, an amateur TrMo (D:5)
  Menkaure (D:5)
  An orc warrior (D:7)
  2 ice beasts
  An ogre (D:5)
  A bullfrog (D:7)
  A scorpion (D:5)
  5 killer bees (D:8)
  A worker ant (D:4)
  2 adders (D:5)
  A leopard gecko (D:7)
  2 orcs
  A quokka (D:5)
20 creatures vanquished.

Vanquished Creatures (others)
  A worm (D:3)
1 creature vanquished.

Grand Total: 166 creatures vanquished

Notes
Turn   | Place    | Note
-------+----------+-------------------------------------------
     0 | Abyss:1  | codl the Demonspawn Abyssal Knight began the quest for the Orb.
     0 | Abyss:1  | Reached XP level 1. HP: 18/18 MP: 2/2
    16 | D:1      | Escaped the Abyss
   454 | D:1      | Gained mutation: You are partially covered in molten scales. (AC +2) [demonic ancestry]
   454 | D:1      | Reached XP level 2. HP: 24/24 MP: 3/3
  1136 | D:2      | Reached skill level 1 in Dodging
  1506 | D:2      | Reached skill level 2 in Polearms
  1566 | D:2      | You fall through a shaft!
  1596 | D:3      | Gained mutation: A weak demonic guardian rushes to your aid. [demonic ancestry]
  1596 | D:3      | Reached XP level 3. HP: 30/30 MP: 5/5
  1722 | D:3      | Found a bloodstained altar of Trog.
  1823 | D:3      | Found a faded altar of an unknown god.
  1824 | D:3      | Found a radiant altar of Vehumet.
  2052 | D:3      | Reached ** piety under Lugonu
  2609 | D:4      | Gained mutation: You have sharp toenails. [demonic ancestry]
  2609 | D:4      | Reached XP level 4. HP: 32/37 MP: 6/6
  2742 | D:4      | Reached skill level 3 in Polearms
  2745 | D:4      | Found a sparkling altar of Nemelex Xobeh.
  3111 | D:4      | Gained mutation: A demonic guardian rushes to your aid. [demonic ancestry]
  3111 | D:4      | Reached XP level 5. HP: 25/42 MP: 7/7
  3520 | D:4      | Found a snail-covered altar of Cheibriados.
  3683 | D:5      | Entered Level 5 of the Dungeon
  3683 | D:5      | Noticed nihilbene's ghost (amateur TrMo)
  3695 | D:5      | Killed nihilbene's ghost
  3695 | D:5      | Reached skill level 4 in Polearms
  3695 | D:5      | Reached skill level 1 in Stealth
  3695 | D:5      | Reached skill level 1 in Shields
  3695 | D:5      | Reached XP level 6. HP: 40/49 MP: 8/8
  3733 | D:5      | Found a sand-covered staircase.
  3735 | D:5      | Noticed Menkaure
  3745 | D:5      | Killed Menkaure
  3918 | Ossuary  | Entered an ossuary
  4118 | Ossuary  | Reached *** piety under Lugonu
  4311 | Ossuary  | Gained mutation: You have razor-sharp toenails. [demonic ancestry]
  4311 | Ossuary  | Reached XP level 7. HP: 55/55 MP: 9/9
  4444 | D:5      | Noticed Blork the orc
  4445 | D:5      | Found a staircase to the Ecumenical Temple.
  4445 | D:5      | Found a basalt altar of Yredelemnul.
  4698 | D:5      | Killed Blork the orc
  4698 | D:5      | Reached skill level 5 in Polearms
  4858 | D:5      | Noticed Ijyb
  4884 | D:5      | Killed Ijyb
  4902 | D:5      | Found a glowing golden altar of the Shining One.
  4995 | D:5      | Found an ancient bone altar of Kikubaaqudgha.
  5188 | D:5      | Found a sacrificial altar of Ru.
  5280 | D:5      | Reached skill level 5 in Fighting
  5285 | D:5      | Found a hazy altar of Hepliaklqana.
  5285 | D:5      | Found an iron altar of Okawaru.
  5346 | D:6      | Reached skill level 6 in Polearms
  5346 | D:6      | Gained mutation: You are partially covered in sharp spines. [demonic ancestry]
  5346 | D:6      | Reached XP level 8. HP: 53/62 MP: 10/10
  5752 | D:6      | Found a deep blue altar of Sif Muna.
  6324 | D:6      | Gained mutation: Your mind is acute. (Int +2) [potion of mutation]
  6324 | D:6      | Gained mutation: You occasionally shout uncontrollably at your foes. [potion of mutation]
  6324 | D:6      | Gained mutation: You have a pair of small horns on your head. [potion of mutation]
  6324 | D:6      | Gained mutation: You have claws for feet. [potion of mutation]
  6498 | D:6      | Identified Sif Muna's Grimoire of Enchantment
  6504 | D:6      | Learned a level 1 spell: Corona
  6580 | D:7      | Reached **** piety under Lugonu
  6882 | D:7      | Reached skill level 7 in Polearms
  6927 | D:7      | Found a stormy altar of Qazlal.
  7218 | Temple   | Entered the Ecumenical Temple
  7352 | D:8      | Gained mutation: You are mostly covered in sharp spines. [demonic ancestry]
  7352 | D:8      | Reached XP level 9. HP: 61/69 MP: 11/11
  7373 | D:8      | Found an opulent altar of Gozag.
  7492 | D:8      | Reached skill level 8 in Polearms
  7496 | D:8      | Noticed a queen bee
  7509 | D:8      | Slain by a killer bee

Skill      XL: |  1  2  3  4  5  6  7  8  9 |
---------------+----------------------------+-----
Dodging        | 1 2 3 |  3.3
Polearms       | 2 3 4 6 7 8 |  8.1
Fighting       | 4 5 |  5.9
Armour         | 2 3 |  3.9
Stealth        | 1 3 |  3.4
Shields        | 1 2 |  2.8
Invocations    | 3 |  3.4
Evocations     | |  0.2

Action                   |  1- 3 |  4- 6 |  7- 9 || total
-------------------------+-------+-------+-------++-------
Melee: Spear             |   126 |   144 |   358 ||   628
       Kick              |       |    34 |    77 ||   111
       Headbutt          |       |       |    15 ||    15
 Fire: Hunting sling     |       |       |    10 ||    10
Throw: Stone             |       |     3 |       ||     3
Invok: Bend Space        |     1 |       |     3 ||     4
Evoke: Wand              |       |       |     1 ||     1
  Use: Scroll            |     5 |     1 |     6 ||    12
       Potion            |       |     3 |    11 ||    14
 Stab: Sleeping          |     2 |     2 |     3 ||     7
       Distracted        |     1 |       |     1 ||     2
  Eat: Royal jelly       |     1 |       |       ||     1
       Chunk             |     3 |     1 |     2 ||     6
       Bread ration      |       |     1 |     2 ||     3
Armor: Leather armour    |    29 |    20 |    41 ||    90
Dodge: Dodged            |    38 |    49 |   103 ||   190
Block: Buckler           |     8 |    22 |    68 ||    98
